 Dungeon Crawl Stone Soup version 0.29.1-4-g47bece8355 (webtiles) character file.

Game seed: 18131652509811037055

19753 hawla the Thaumaturge (level 13, -7/226 HPs)
             Began as a Meteoran Ice Elementalist on Dec 8, 2022.
             Was a Believer of Vehumet.
             Killed from afar by a starcursed mass (9 damage)
             ... with an accursed screaming
             ... on level 1 of the Abyss.
             The game lasted 00:39:02 (5573 turns).

hawla the Thaumaturge (Meteoran Ice Elementalist)   Turns: 5573, Time: 00:39:04

Health: -7/226     AC: 30    Str: 11    XL:     13   Next: 35%
Magic:  18/31      EV:  2    Int: 21    God:    Vehumet [**....]
Gold:   110        SH:  0    Dex: 15    Spells: 29/39 levels left

rFire   . . .      SeeInvis .   r - +9 spear (distort)
rCold   . . .      Faith    .   (no shield)
rNeg    + . .      Spirit   .   (body armour currently unavailable)
rPois   +          Reflect  .   (helmet currently unavailable)
rElec   .          Harm     .   (cloak currently unavailable)
rCorr   .          Rampage  .   (gloves currently unavailable)
Will    +....      NoTele   +   (boots currently unavailable)
Stlth   ..........              (no amulet)
HPRegen 0.47/turn               j - +4 ring of protection
MPRegen 0.22/turn               i - ring of positive energy

@: berserking (expiring), tree-form (expiring), freezing walls, glowing, very
quick
A: stationary, stasis, torment immunity, boosted hp, sense surroundings 2,
otherworldly, glowing, explore regen
a: Renounce Religion


You were on level 1 of the Abyss.
You worshipped Vehumet.
Vehumet was pleased with you.
You were a tree.
You visited 3 branches of the dungeon, and saw 14 of its levels.
You visited the Abyss 1 time.
You also visited: Sewer and Ossuary.

You collected 519 gold pieces.
You spent 409 gold pieces at shops.

Inventory:

Hand Weapons
 e - a +4 trident of venom
 r - a +9 spear of distortion (weapon)
Armour
 a - a +2 robe (melded)
 w - a +2 pair of gloves (melded)
 y - the +0 pair of boots of Negation (melded) {+Blink rPois Dex+3}
   (You found it on level 1 of the Lair of Beasts)

   Dex:       It affects your dexterity (+3).
   rPois:     It protects you from poison.
   +Blink:    It lets you blink.
Jewellery
 d - a ring of ice
 i - a ring of positive energy (right branch)
 j - a +4 ring of protection (left branch)
Wands
 b - a wand of acid (5)
 f - a wand of iceblast (15)
 l - a wand of flame (40)
 q - a wand of polymorph (11)
 z - a wand of mindburst (5)
Scrolls
 h - a scroll of enchant weapon
 m - 2 scrolls of identify
 o - 2 scrolls of summoning
 p - a scroll of teleportation
 u - a scroll of amnesia
 x - a scroll of butterflies
Potions
 c - a potion of might
 n - a potion of lignification
 s - 3 potions of brilliance
 t - 2 potions of haste
 v - 2 potions of flight


   Skills:
 + Level 5.5 Fighting
 + Level 7.4 Polearms
 + Level 7.3 Dodging
 - Level 1.4 Stealth
 + Level 13.6 Spellcasting
 + Level 9.3 Conjurations
 + Level 13.3 Ice Magic
 + Level 3.3 Evocations


You had 29 spell levels left.
You knew the following spells:

 Your Spells              Type           Power      Damage    Failure   Level
a - Freeze                Ice            100%       1d11      1%          1
b - Frozen Ramparts       Ice            100%       1d16      1%          3
c - Hailstorm             Conj/Ice       58%        3d13      1%          4
d - Wereblood             Tmut           14%        N/A       6%          2

Your spell library contained the following spells:

 Spells                   Type           Power      Damage    Failure   Level
 Shock                    Conj/Air       100%       1d9       1%          1
 Ozocubu's Armour         Ice            63%        N/A       1%          3
 Sublimation of Blood     Necr           14%        N/A       7%          2
 Summon Hydra             Summ           7%         N/A       100%        7


Dungeon Overview and Level Annotations

Branches:
Dungeon (10/15) Zot: 2355  Temple (1/1) D:4 Zot: 321    Lair (3/5) D:10 Zot: 720
  Swamp (0/4) Lair:2        Sewer (visited)         Ossuary (visited)
  Snake: Lair:2-3    Spider: Lair:2-3       Orc: D:9-12

Altars:
Ashenzari
Cheibriados
Elyvilon
Fedhas
Gozag
Hepliaklqana
Kikubaaqudgha
Makhleb
Nemelex Xobeh
Okawaru
Qazlal
Ru
Sif Muna
Trog
Uskayaw
Vehumet
Wu Jian
Xom
Yredelemnul
Zin
The Shining One

Shops:
D:8 *

Annotations:
D:7 1 runed translucent door, FizzleBangTC's ghost, novice MeEE
Lair:3 Sonja


Innate Abilities, Weirdness & Mutations

You are a tree.
Your roots penetrate the ground, keeping you stationary.
You cannot be teleported.
You are immune to unholy pain and torment.
Your maximum health is greatly increased.
Your equipment is partially melded.
You passively map the area around you.
You are easily found by Zot.
You glow in the dark.
You regain HP and MP as you explore.


Message History

You destroy the tentacled starspawn!
Vehumet accepts your kill. Vehumet offers you knowledge of Shock.
You feel your power returning.
The starspawn's tentacles wither and die.
The ufetubus resists.
The wall freezes the ufetubus.
The ufetubus hits you but does no damage. x2
The spriggan defender simulacrum completely resists.
The wall freezes the spriggan defender simulacrum but does no damage.
The spriggan defender simulacrum hits you but does no damage.
A starcursed mass splits.
The wall freezes the culicivora.
You puncture the spriggan defender simulacrum!
Space warps around the spriggan defender simulacrum.
The spriggan defender simulacrum is heavily damaged.
The ufetubus resists.
The wall freezes the ufetubus.
The ufetubus hits you but does no damage. x2
The wall freezes the raiju.
The raiju barely misses you.
The wall freezes the tentacled starspawn.
The wall freezes the starcursed mass!
You are too berserk!
You puncture the starcursed mass!
You destroy the starcursed mass!
Vehumet accepts your kill.
The wall freezes the culicivora.
The ufetubus resists.
The wall freezes the ufetubus.
The ufetubus hits you but does no damage.
The ufetubus barely misses you.
You closely miss the culicivora.
The culicivora is moderately wounded.
The culicivora changes into a troll!
The spriggan defender simulacrum completely resists.
The wall freezes the spriggan defender simulacrum but does no damage.
The wall freezes the raiju.
The raiju bites you!
* * * LOW HITPOINT WARNING * * *
The raiju shocks you!
* * * LOW HITPOINT WARNING * * *
The wall freezes the tentacled starspawn!
The ynoxinul gestures.
A cacophony of accursed wailing tears at your sanity!
You die...

......
#.555X
#.5XXX
#.3XXX#
5*XXX.R##
.5###XXZ# #
.##©##5T#.#
#♣h"#
##†.##
..#### ....
..... .....
..#. #...


You could see 11 starcursed masses, a tentacled starspawn, a wretched star, a
rakshasa, a troll shaped shifter, a raiju, a ynoxinul, a spriggan defender
simulacrum and 7 ufetubi.

Vanquished Creatures
  2 tentacled starspawn (Abyss:1)
  Fannar (Lair:1)
  A hydra (Lair:1)
  A two-headed ogre (D:9)
  2 bog bodies (Lair:2)
  An apocalypse crab (Abyss:1)
  4 elephants (Lair:3)
  A black mamba (Lair:1)
  2 cane toads (Lair:3)
  An unseen horror (D:10)
  2 rime drakes (Lair:1)
  2 trolls (D:10)
  6 dream sheep (Lair:3)
  2 blink frogs (Lair:3)
  A jumping spider (shapeshifter) (Abyss:1)
  2 wyverns
  A basilisk (D:9)
  20 yaks
  3 large abominations (Abyss:1)
  A steam dragon (D:7)
  A vampire mosquito (D:10)
  Menkaure (Ossuary)
  An orc warrior (D:10)
  4 water moccasins
  Pargi (Sewer)
  A sky beast (D:7)
  4 black bears (Lair:3)
  8 wolves
  An ogre (D:6)
  2 centaurs
  3 phantoms
  8 bullfrogs
  2 kobold brigands
  2 gnoll sergeants (D:8)
  2 scorpions (D:6)
  2 necrophages
  2 water moccasin zombies (D:5)
  2 wights
  6 killer bees
  A water moccasin skeleton (D:5)
  6 howler monkeys
  A bullfrog zombie (D:5)
  A starcursed mass (Abyss:1)
  A bullfrog skeleton (D:5)
  6 orc priests
  A gnoll bouda (D:5)
  3 hounds
  A centaur skeleton (D:5)
  An iguana (D:6)
  11 orc wizards
  A hound zombie (D:5)
  3 mummies (Ossuary)
  12 gnolls
  4 adders
  A shadow imp (D:8)
  3 white imps
  2 ufetubi
  A worm (D:5)
  20 orcs
  3 giant cockroaches
  4 gnoll zombies (Ossuary)
  3 hobgoblins
  4 quokkas
  6 ball pythons
  4 frilled lizards (Sewer)
  3 gnoll skeletons (Ossuary)
  6 goblin skeletons (Ossuary)
  2 goblin zombies (Ossuary)
  6 hobgoblin skeletons (Ossuary)
  4 hobgoblin zombies (Ossuary)
  8 kobolds
  5 kobold skeletons (Ossuary)
  4 kobold zombies (Ossuary)
  3 orc skeletons (Ossuary)
  7 orc zombies (Ossuary)
  A rat (D:2)
  2 rat skeletons (Ossuary)
  4 rat zombies (Ossuary)
  A starspawn tentacle (Abyss:1)
269 creatures vanquished.

Vanquished Creatures (others)
  4 fungi
  7 plants
  6 starspawn tentacles (Abyss:1)
  2 withered plants (D:5)
19 creatures vanquished.

Grand Total: 288 creatures vanquished

Notes
Turn   | Place    | Note
-------+----------+-------------------------------------------
     0 | D:1      | hawla the Meteoran Ice Elementalist began the quest for the
                  | Orb.
     0 | D:1      | Reached XP level 1. HP: 14/14 MP: 5/5
    57 | D:2      | Reached XP level 2. HP: 6/20 MP: 3/6
    95 | D:2      | Reached skill level 5 in Ice Magic
    99 | D:2      | Reached XP level 3. HP: 21/26 MP: 1/8
   121 | D:2      | Learned a level 3 spell: Frozen Ramparts
   182 | D:3      | Found a glowing drain.
   192 | Sewer    | Entered a sewer
   216 | Sewer    | Noticed Pargi
   222 | Sewer    | Killed Pargi
   223 | Sewer    | Reached XP level 4. HP: 10/33 MP: 1/11
   223 | Sewer    | Reached XP level 5. HP: 12/38 MP: 1/12
   228 | Sewer    | Learned a level 4 spell: Hailstorm
   345 | D:4      | Noticed a bullfrog
   353 | D:4      | Reached XP level 6. HP: 5/45 MP: 3/13
   354 | D:4      | Reached skill level 1 in Conjurations
   662 | D:4      | Reached XP level 7. HP: 26/50 MP: 8/14
   763 | D:4      | Found a staircase to the Ecumenical Temple.
   790 | Temple   | Entered the Ecumenical Temple
  1096 | D:5      | Entered Level 5 of the Dungeon
  1188 | D:5      | Reached skill level 5 in Conjurations
  1188 | D:5      | Reached XP level 8. HP: 50/57 MP: 7/16
  1197 | D:5      | Reached skill level 5 in Spellcasting
  1418 | D:6      | Gained mutation: You passively map the area around you.
                  | [Meteoran growth]
  1418 | D:6      | Reached XP level 9. HP: 49/63 MP: 4/19
  1423 | D:6      | Reached skill level 1 in Fighting
  1486 | D:7      | Found a runed translucent door.
  1486 | D:7      | Noticed FizzleBangTC's ghost (novice MeEE)
  1662 | D:7      | Reached skill level 5 in Dodging
  1759 | D:7      | Found a bloodstained altar of Trog.
  2135 | D:8      | Found Owelutuy's General Store.
  2289 | D:8      | Reached XP level 10. HP: 66/72 MP: 12/23
  2312 | D:9      | Noticed a two-headed ogre
  2331 | D:9      | Killed a two-headed ogre
  2332 | D:9      | Reached skill level 10 in Spellcasting
  2332 | D:9      | Reached skill level 10 in Ice Magic
  2440 | D:8      | Found a shimmering altar of Xom.
  2577 | D:8      | Found a sand-covered staircase.
  2582 | Ossuary  | Entered an ossuary
  2921 | Ossuary  | Noticed Menkaure
  2929 | Ossuary  | Killed Menkaure
  3372 | D:8      | Found an ornate altar of the Wu Jian Council.
  3439 | D:8      | Found a hazy altar of Hepliaklqana.
  3440 | D:8      | Noticed a spectral ugly thing
  3440 | D:8      | Noticed a wretched star
  3884 | D:9      | Reached XP level 11. HP: 47/81 MP: 23/26
  4041 | D:10     | Entered Level 10 of the Dungeon
  4041 | D:10     | Noticed a skeletal warrior
  4047 | D:10     | Noticed a centaur warrior
  4048 | D:10     | Reached skill level 5 in Polearms
  4048 | D:10     | Noticed a white ugly thing
  4142 | D:10     | HP: 2/82 [something (5)]
  4148 | D:10     | Found a radiant altar of Vehumet.
  4156 | D:10     | Became a worshipper of Vehumet
  4379 | D:10     | Found a staircase to the Lair.
  4418 | D:8      | Bought a +4 spear of distortion for 383 gold pieces
  4418 | D:8      | Bought a scroll of identify for 26 gold pieces
  4457 | Lair:1   | Entered Level 1 of the Lair of Beasts
  4569 | Lair:1   | Identified the +0 pair of boots of Negation {+Blink rPois
                  | Dex+3}
  4613 | Lair:1   | Noticed an eight-headed hydra
  4620 | Lair:1   | Killed an eight-headed hydra
  4639 | Lair:1   | Noticed Fannar
  4640 | Lair:1   | Reached XP level 12. HP: 91/91 MP: 21/28
  4662 | Lair:1   | Killed Fannar
  4666 | Lair:1   | Learned a level 2 spell: Wereblood
  4963 | Lair:1   | Glimpsed the power of Zot.
  5150 | Lair:2   | Reached * piety under Vehumet
  5150 | Lair:2   | Offered knowledge of Foxfire by Vehumet.
  5189 | Lair:2   | Found a staircase to the Swamp.
  5189 | Lair:2   | Noticed a bog body
  5198 | Lair:2   | Killed a bog body
  5209 | Lair:2   | Noticed a bog body
  5214 | Lair:2   | Killed a bog body
  5277 | Lair:3   | Reached skill level 5 in Fighting
  5505 | Lair:3   | Reached XP level 13. HP: 100/100 MP: 20/31
  5546 | Lair:3   | Noticed Sonja
  5551 | Abyss:1  | Noticed a rakshasa
  5551 | Abyss:1  | Noticed a tentacled starspawn
  5551 | Abyss:1  | Noticed a tentacled starspawn
  5551 | Abyss:1  | Found a corrupted altar of Lugonu.
  5551 | Abyss:1  | Cast into level 1 of the Abyss (Sonja)
  5553 | Abyss:1  | Noticed a starcursed mass
  5554 | Abyss:1  | Noticed a starcursed mass
  5555 | Abyss:1  | Noticed a tentacled starspawn
  5557 | Abyss:1  | Killed a tentacled starspawn
  5570 | Abyss:1  | Killed a tentacled starspawn
  5570 | Abyss:1  | Reached ** piety under Vehumet
  5570 | Abyss:1  | Offered knowledge of Shock by Vehumet.
  5573 | Abyss:1  | HP: 9/226 [raiju (7)]
  5573 | Abyss:1  | HP: 2/226 [raiju (7)]
  5573 | Abyss:1  | Killed from afar by a starcursed mass

Illustrated notes

Levels and vault maps discovered:
D:1:      minmay_arrival_stair_chambers, layout_basic
D:2:      layout_basic, uniq_natasha
D:3:      layout_basic, shapermc_ecumenical_altar_hornbeckon,
          gup_sewer_entry_pipe, uniq_jessica, uniq_robin
D:4:      layout_basic, minmay_temple_entry_steel_oval, uniq_blork_the_orc
D:5:      layout_basic, grunt_dithmenos_smoke, serial_undead, serial_undead_a,
          serial_undead_d, serial_undead_f, serial_undead_f
D:6:      layout_rooms
D:7:      layout_basic, amcnicky_altar_gilded, gammafunk_ghost_grave
D:8:      layout_loops_corners, regret_index_temple_of_mockery,
          mainiacjoe_overflow_alcove_2, serial_shops, nicolae_stop_n_shop_2,
          nicolae_ossuary_entry_plus, skrybe_limestone_x
D:9:      layout_roguey
D:10:     minmay_bloctagon, layout_basic, nicolae_vehumet_radiance,
          lair_entry_dummy, nrook_loot_triangle, mrwooster_statue_mirror
Temple:   compressed_dpeg_triangle_lava_temple
Lair:1:   layout_regular_city, gammafunk_lair_bear_cave, lemuel_fruit_fields,
          uniq_fannar
Lair:2:   layout_layer_cave, skrybe_swamp_entry_bodies,
          guppyfry_snake_entry_garden, serial_bayou_shore_b
Lair:3:   layout_regular_city, beast_lair_carwin_10, serial_bayou_shore_b,
          infiniplex_staircase_pool_2, serial_bayou_shore_b, grunt_megastairs_3,
          uniq_sonja
Abyss:1:  base: Temple, gammafunk_corrupted_shrine

Skill      XL: |  1  2  3  4  5  6  7  8  9 10 11 12 13 |
---------------+----------------------------------------+-----
Ice Magic      | 5 6 7 8 9 10 11 12 13 | 13.3
Spellcasting   | 3 4 6 8 10 11 13 | 13.6
Conjurations   | 3 5 6 7 8 9 |  9.3
Dodging        | 3 4 5 6 7 |  7.3
Fighting       | 1 2 3 5 |  5.5
Evocations     | 2 3 |  3.3
Polearms       | 4 5 7 |  7.4
Stealth        | |  1.4

Action                   |  1- 3 |  4- 6 |  7- 9 | 10-12 | 13-15 || total
-------------------------+-------+-------+-------+-------+-------++-------
Melee: Unarmed           |     3 |       |    54 |    16 |       ||    73
       Trident           |       |       |       |   153 |       ||   153
       Punch             |       |       |       |     4 |     1 ||     5
       Spear             |       |       |       |    64 |    17 ||    81
 Cast: Freeze            |    21 |    13 |    37 |    17 |     1 ||    89
       Frozen Ramparts   |     4 |     2 |    18 |    27 |     2 ||    53
       Hailstorm         |       |       |    23 |    66 |     5 ||    94
       Wereblood         |       |       |       |     1 |       ||     1
Evoke: Wand              |       |       |       |    16 |     2 ||    18
  Use: Scroll            |     2 |       |    10 |    20 |       ||    32
       Potion            |       |     2 |     4 |     5 |     1 ||    12
Armor: Robe              |     7 |     6 |    21 |    75 |       ||   109
       Skin              |       |       |    89 |     4 |    30 ||   123
Dodge: Dodged            |     8 |     8 |    60 |   111 |     8 ||   195
